 Dungeon Crawl Stone Soup version 0.29-a0-380-gf50f0a9fbc (webtiles) character file.

Game seed: 9117877415277580907

175 bande the Skirmisher (level 5, -2/33 HPs)
             Began as a Gargoyle Fighter on May 5, 2022.
             Slain by an orc
             ... wielding a +0 flail
              (7 damage)
             ... on level 3 of the Dungeon.
             The game lasted 00:03:22 (2415 turns).

bande the Skirmisher (Gargoyle Fighter)             Turns: 2415, Time: 00:03:24

Health: -2/33      AC: 12    Str: 19    XL:     5   Next: 55%
Magic:  5/5        EV:  9    Int:  9    God:
Gold:   71         SH:  4    Dex: 11    Spells: 4/4 levels left

rFire   . . .      SeeInvis .   a - +0 war axe
rCold   . . .      Faith    .   c - +0 buckler
rNeg    + . .      Spirit   .   b - +0 scale mail
rPois   ∞          Reflect  .   (no helmet)
rElec   +          Harm     .   v - +0 cloak
rCorr   .          Rampage  .   (no gloves)
Will    .....                   (no boots)
Stlth   ..........              (no amulet)
HPRegen 0.11/turn               (no ring)
MPRegen 0.09/turn               (no ring)

@: no status effects
A: sickness immunity, AC +4, negative energy resistance 1, electricity
resistance, torment resistance 1, petrification resistance
a: no special abilities


You were on level 3 of the Dungeon.
You visited 1 branch of the dungeon, and saw 3 of its levels.

You collected 71 gold pieces.

Inventory:

Hand Weapons
 a - a +0 war axe (weapon)
Missiles
 n - 2 throwing nets (quivered)
Armour
 b - a +0 scale mail (worn)
 c - a +0 buckler (worn)
 v - a +0 cloak (worn)
Scrolls
 p - a scroll of noise
 q - a scroll of identify {unknown}
 r - a scroll of vulnerability {unknown}
 t - a scroll of blinking {unknown}
 u - a scroll of immolation {unknown}
Potions
 d - a potion of might
 e - 2 potions of curing {unknown}
 f - a potion of flight {unknown}
 g - a potion of ambrosia {unknown}
 i - a potion of heal wounds {unknown}
 k - a potion of magic {unknown}
 l - a potion of attraction {unknown}
 o - 2 potions of invisibility {unknown}
 s - a potion of lignification {unknown}
 w - a potion of resistance {unknown}


   Skills:
 + Level 4.1 Fighting
 + Level 3.7 Axes
 + Level 4.0 Armour
 - Level 0.1 Stealth
 + Level 4.0 Shields


You had 4 spell levels left.
You didn't know any spells.
Your spell library contained the following spells:

 Spells                   Type           Power      Damage    Failure   Level
 Magic Dart               Conj           0%         1d3       83%         1
 Call Imp                 Summ           0%         N/A       93%         2
 Wereblood                Tmut           0%         N/A       93%         2
 Mephitic Cloud           Conj/Pois/Air  0%         N/A       99%         3
 Summon Hydra             Summ           0%         N/A       100%        7
 Sublimation of Blood     Necr           Unusable   N/A       N/A         2

Dungeon Overview and Level Annotations

Branches:
Dungeon (3/15)

Altars:
Yredelemnul


Innate Abilities, Weirdness & Mutations

You are immune to sickness and miasma.
Your stone body is resilient. (AC +4)
You are immune to poison.
You resist negative energy. (rN+)
You are resistant to electric shocks. (rElec)
You are resistant to unholy torment.
You are immune to petrification.


Message History

Something hits you.
* * * LOW HITPOINT WARNING * * *
Something burns you.
* * * LOW HITPOINT WARNING * * *
The orc hits you from afar with a +0 trident.
* * * LOW HITPOINT WARNING * * *
The orc priest completely misses you.
You slash the orc priest!
You kill the orc priest!
You miss something.
Your giant cockroach bites the endoplasm.
The orc hits you but does no damage.
The rat bites your giant cockroach but does no damage.
You hear some strange, mumbled words.
A puff of flame appears from out of thin air!
The puff of flame misses you.
Your giant cockroach bites the endoplasm.
Your Armour skill increases to level 4!
Your Shields skill increases to level 4!
You completely miss something. You closely miss the orc.
You block something's attack.
The rat barely misses your giant cockroach.
A rat comes into view.
The orc hits you but does no damage. x2
Your giant cockroach bites the endoplasm.
Unknown command.
You hit the orc.
The orc is almost dead.
You barely miss something.
The rat bites your giant cockroach but does no damage.
Your giant cockroach bites the endoplasm.
The orc barely misses you. Something hits you but does no damage.
You block the orc's attack.
The rat barely misses your giant cockroach.
The orc closely misses you.
A rat comes into view.
Your giant cockroach bites the endoplasm.
The endoplasm dies!
The orc hits you with a +0 flail!
You die...

...§§§......#
o.§P.§P§.....#
.....§...8.....#
..............###
#(####............
#.
.#.##..##.....#.
.#. ...# .....#.
####.#.#rr..
.....#.


#Zo@)owBr.. #. #.#{##.##.. ... #..b..... .... #........ #... #..8...... #...
#.....$... #......... #####..... #... You could see a worm, 2 orcs, an adder
zombie, a bat, 3 rats and a friendly giant cockroach (summoned).

Vanquished Creatures
  An orc priest (D:3)
  A scorpion zombie (D:3)
  2 hound zombies (D:3)
  An adder (D:3)
  An adder zombie (D:3)
  2 adder skeletons (D:3)
  A dart slug (D:1)
  2 orcs (D:3)
  4 ball pythons
  7 endoplasms
  2 giant cockroaches (D:1)
  2 goblins
  7 hobgoblins
  10 jackals
  3 quokkas
  3 bats (D:1)
  3 frilled lizards
  3 kobolds
  A quokka skeleton (D:3)
  6 rats
  A spectral hobgoblin (D:1)
63 creatures vanquished.

Vanquished Creatures (collateral kills)
  A bat (D:3)
  An endoplasm (D:3)
2 creatures vanquished.

Vanquished Creatures (others)
  3 withered plants (D:3)
3 creatures vanquished.

Grand Total: 68 creatures vanquished

Notes
Turn   | Place    | Note
-------+----------+-------------------------------------------
     0 | D:1      | bande the Gargoyle Fighter began the quest for the Orb.
     0 | D:1      | Reached XP level 1. HP: 14/14 MP: 1/1
    48 | D:1      | You fall into a shaft and drop 1 floor!
   141 | D:2      | Reached XP level 2. HP: 15/19 MP: 2/2
   485 | D:1      | Reached XP level 3. HP: 15/24 MP: 3/3
   840 | D:1      | Found a faded altar of an unknown god.
  1817 | D:3      | Reached XP level 4. HP: 23/29 MP: 4/4
  2171 | D:3      | Found a basalt altar of Yredelemnul.
  2180 | D:3      | Reached XP level 5. HP: 25/33 MP: 5/5
  2415 | D:3      | Slain by an orc

Illustrated notes

Levels and vault maps discovered:
D:1:      eino_arrival_water_star, layout_rooms,
          dreamdust_ecumenical_altar_drowned_temple, hangedman_decor_points
D:2:      layout_loops_ring, hangedman_decor_growths, feat_on_display
D:3:      layout_basic, nicolae_yredelemnul_corpse_copse, serial_undead,
          serial_undead_d, serial_undead_b, serial_undead_b, serial_undead_d,
          serial_undead_f, serial_undead_e, serial_undead_e, serial_undead_c,
          serial_undead_f, serial_undead_c, minmay_rat_hole

Skill      XL: |  1  2  3  4  5 |
---------------+----------------+-----
Axes           | 2 3 |  3.7
Fighting       | 4 |  4.1
Armour         | 4 |  4.0
Shields        | 4 |  4.0
Stealth        | |  0.1

Action                   |  1- 3 |  4- 6 || total
-------------------------+-------+-------++-------
Melee: War axe           |   132 |    55 ||   187
  Use: Scroll            |       |     4 ||     4
Armor: Scale mail        |    96 |    62 ||   158
Dodge: Dodged            |    73 |    49 ||   122
Block: Buckler           |    33 |    21 ||    54

Table legend: (Time is in decaauts)
 A = Elapsed time spent in this place.
 B = Non-inter-level travel time spent in this place.
 C = Inter-level travel time spent in this place.
 D = Time resting spent in this place.
 E = Time spent auto-exploring this place.
 F = Levels seen in this place.
 G = Mean time per level.
                   A        B        C        D        E       F      G
               +--------+--------+--------+--------+--------+-----+--------+
         Total |   2508 |   2508 |      0 |    378 |   1603 |   3 |  836.0 |
       Dungeon |   2508 |   2508 |      0 |    378 |   1603 |   3 |  836.0 |
               +--------+--------+--------+--------+--------+-----+--------+

Top non-repeatable levels by time:
     D:2: 1079 daAuts
     D:1: 789 daAuts
     D:3: 639 daAuts
